 Dungeon Crawl Stone Soup version 0.21.1-1-g345015f (webtiles) character file.

84 inc the Skirmisher (level 4, -5/33 HPs)
             Began as an Octopode Ice Elementalist on June 17, 2018.
             Slain by a gnoll
             ... wielding a +1 spear of venom
              (8 damage)
             ... on level 2 of the Dungeon.
             The game lasted 00:01:48 (1749 turns).

inc the Skirmisher (Octopode Ice Elementalist)      Turns: 1749, Time: 00:01:49

Health: -5/33      AC:  1    Str:  7    XL:     4   Next: 45%
Magic:  6/7        EV: 13    Int: 18    God:
Gold:   104        SH:  0    Dex: 12    Spells: 6/7 levels left

rFire    . . .     SeeInvis .   (no weapon)
rCold    . . .     Gourm    .   (no shield)
rNeg     . . .     Faith    .   (helmet restricted)
rPois    .         Spirit   .   (no amulet)
rElec    .         Reflect  .   (no ring)
rCorr    .         Harm     .   (no ring)
MR       .....                  (no ring)
Stlth    +++.......             (no ring)
HPRegen  0.11/turn              (no ring)
MPRegen  0.10/turn              (no ring)
                                (no ring)
                                (no ring)

@: no status effects
A: almost no armour, stealthy swim, amphibious, 8 rings, constrict 8, camouflage
1, gelatinous body 1
a: no special abilities


You were on level 2 of the Dungeon.
You were not hungry.

You visited 1 branch of the dungeon, and saw 2 of its levels.

You collected 104 gold pieces.

Inventory:

Wands
 j - a wand of random effects (34)
Scrolls
 c - 2 scrolls of remove curse {unknown}
 d - 2 scrolls of teleportation {unknown}
 e - a scroll of amnesia {unknown}
 g - 3 scrolls of identify {unknown}
 h - a scroll of fear {unknown}
Potions
 f - a potion of lignification {unknown}
 i - a potion of invisibility {unknown}
Books
 a - a book of Frost

   Spells                             Type                      Level
   a - Freeze                         Ice                          1
   b - Throw Frost                    Conjuration/Ice              2
   c - Ozocubu's Armour               Charms/Ice                   3
   d - Throw Icicle                   Conjuration/Ice              4
   e - Summon Ice Beast               Ice/Summoning                4
Comestibles
 b - 2 rations
 k - a chunk of flesh


   Skills:
 + Level 3.9 Fighting
 - Level 2.0 Dodging
 - Level 2.6 Stealth
 - Level 2.0 Spellcasting
   Level 1.0 Conjurations
 - Level 3.0 Ice Magic


You had 6 spell levels left.
You knew the following spells:

 Your Spells              Type           Power        Failure   Level  Hunger
a - Freeze                Ice            ##..         5%          1    #......


Dungeon Overview and Level Annotations

Branches:
Dungeon (2/15)

Altars:


Innate Abilities, Weirdness & Mutations

You cannot wear most types of armour.
You are very stealthy in the water. (Stealth+)
You are amphibious.
You can wear up to eight rings at the same time.
You can use your tentacles to constrict eight enemies at once.
Your skin changes colour to match your surroundings (Stealth+).
Your rubbery body absorbs attacks. (AC +1, EV +1)


Message History

You kill the gnoll!
The gnoll hits you from afar with a spear of venom.
* * * LOW HITPOINT WARNING * * *
You are poisoned.
Unknown command.
You feel sick.
You feel sick.
You feel sick.
You feel sick.
You feel sick.
You feel sick.
You feel sick.
Things that are here:
a dagger; a goblin corpse Your magical contamination has completely faded away.
You feel sick.
You feel sick.
You are no longer poisoned.
The gnoll hits you from afar with a spear of venom!
You die...

.... ..#
##)#############..
.#.# ### #.#
#########.# .#.#
#.# #.........#
.#.# #.#
#.######### .#.#
###.#####.#########
.#.#####
#..................
<......#
#.#g........#.#####
##.###.#
#...#####.###.# ##
#.# #.# ##@## #.#
#.# ##. #.# #.#
####.# #.# #.###..
##.###.# #....# #.#
#.##... .......#
#.#### #.###.##.#.
##.##### #.#
#.##.....#. ...#
#.# #......##.#
#### #.#
####.†...#. ### #.#
##.##.#. ..#
#.###### #.##...


You could see a gnoll.

Vanquished Creatures
  Jessica (D:2)
  A gnoll (D:2)
  A worm (D:2)
  3 dart slugs (D:1)
  A leopard gecko (D:2)
  2 ball pythons (D:1)
  3 bats (D:1)
  2 giant cockroaches (D:1)
  8 goblins
  4 hobgoblins
  5 kobolds (D:1)
  A quokka (D:2)
  A frilled lizard (D:1)
  3 rats
36 creatures vanquished.

Notes
Turn   | Place    | Note
-------+----------+-------------------------------------------
     0 | D:1      | inc the Octopode Ice Elementalist began the quest for the Orb.
     0 | D:1      | Reached XP level 1. HP: 11/11 MP: 3/3
   199 | D:1      | Reached skill level 1 in Fighting
   242 | D:1      | Reached XP level 2. HP: 12/18 MP: 3/5
   769 | D:1      | Reached XP level 3. HP: 25/25 MP: 1/6
  1406 | D:2      | Noticed Jessica
  1425 | D:2      | Killed Jessica
  1425 | D:2      | Reached XP level 4. HP: 27/32 MP: 4/7
  1749 | D:2      | Slain by a gnoll

Skill      XL: |  1  2  3 |
---------------+----------+-----
Fighting       | 1 2 3 |  3.9
Dodging        | |  2.0
Stealth        | |  2.6
Spellcasting   | |  2.0
Conjurations   | |  1.0
Ice Magic      | |  3.0

Action                   |  1- 3 |  4- 6 || total
-------------------------+-------+-------++-------
Melee: Unarmed           |    41 |    13 ||    54
       Constrict         |    14 |     4 ||    18
       Tentacles         |    10 |     1 ||    11
 Cast: Freeze            |    32 |     7 ||    39
 Stab: Sleeping          |     5 |     1 ||     6
  Eat: Chunk             |     2 |     1 ||     3
Armor: Skin              |     5 |       ||     5
Dodge: Dodged            |    39 |     9 ||    48
